 Dungeon Crawl Stone Soup version 0.22-a0-553-g9358b0b (webtiles) character file.

306 inc the Chiller (level 6, -4/36 HPs)
             Began as an Octopode Ice Elementalist on June 25, 2018.
             Slain by a gnoll (8 damage)
             ... on level 4 of the Dungeon.
             The game lasted 00:03:58 (3281 turns).

inc the Chiller (Octopode Ice Elementalist)         Turns: 3281, Time: 00:03:59

Health: -4/36      AC:  1    Str:  8    XL:     6   Next: 39%
Magic:  9/9        EV: 19    Int: 19    God:
Gold:   156        SH:  0    Dex: 17    Spells: 8/9 levels left

rFire    . . .     SeeInvis .   g - +0 short sword
rCold    . . .     Gourm    .   (no shield)
rNeg     . . .     Faith    .   (helmet restricted)
rPois    .         Spirit   .   (no amulet)
rElec    .         Reflect  .   (no ring)
rCorr    .         Harm     .   (no ring)
MR       .....                  (no ring)
Stlth    ++++......             (no ring)
HPRegen  0.12/turn              (no ring)
MPRegen  0.11/turn              (no ring)
                                (no ring)
                                (no ring)

@: agile
A: almost no armour, stealthy swim, amphibious, 8 rings, constrict 8, camouflage
1, gelatinous body 1
a: no special abilities


You were on level 4 of the Dungeon.
You were not hungry.

You visited 1 branch of the dungeon, and saw 4 of its levels.

You collected 156 gold pieces.

Inventory:

Hand Weapons
 g - a +0 short sword (weapon)
Magical Staves
 j - an uncursed staff of earth
Scrolls
 a - 2 scrolls of teleportation {unknown}
 c - a scroll of amnesia {unknown}
 d - 3 scrolls of remove curse {unknown}
 e - 4 scrolls of identify {unknown}
 f - a scroll of fear {unknown}
Potions
 h - a potion of berserk rage {unknown}
 k - a potion of brilliance {unknown}
Comestibles
 b - 3 rations


   Skills:
 - Level 2.0 Dodging
 - Level 2.6 Stealth
 - Level 2.0 Spellcasting
   Level 1.0 Conjurations
 + Level 7.0 Ice Magic


You had 8 spell levels left.
You knew the following spells:

 Your Spells              Type           Power        Failure   Level  Hunger
a - Freeze                Ice            ####         1%          1    #......

Your spell library contained the following spells:

 Spells                   Type           Power        Failure   Level  Hunger
 Throw Frost              Conj/Ice       ###...       4%          2    ###....
 Summon Ice Beast         Ice/Summ       ###.....     36%         4    #####..
 Ozocubu's Armour         Chrm/Ice       ###.....     12%         3    ###....
 Throw Icicle             Conj/Ice       ###.....     32%         4    #####..


Dungeon Overview and Level Annotations

Branches:
Dungeon (4/15)
 Temple: D:4-7

Altars:
Makhleb
Zin


Innate Abilities, Weirdness & Mutations

You cannot wear most types of armour.
You are very stealthy in the water. (Stealth+)
You are amphibious.
You can wear up to eight rings at the same time.
You can use your tentacles to constrict eight enemies at once.
Your skin changes colour to match your surroundings (Stealth+).
Your rubbery body absorbs attacks. (AC +1, EV +1)


Message History

Okay, then.
You feel agile all of a sudden.
The gnoll shaman calls upon its god to speed up the gnoll.
The gnoll seems to speed up.
The gnoll closely misses you. The gnoll barely misses you.
The gnoll misses you. The gnoll closely misses you.
The gnoll hits you from afar with a spear.
* * * LOW HITPOINT WARNING * * *
The gnoll shaman calls down the wrath of its god upon you.
You resist with some effort. The gnoll closely misses you.
The gnoll closely misses you.
The gnoll hits you from afar with a spear!
* * * LOW HITPOINT WARNING * * *
The gnoll shaman calls upon its god to speed up the gnoll.
The gnoll seems to speed up.
The gnoll misses you. The gnoll completely misses you. The gnoll misses you.
There is a stone staircase leading down here.
The gnoll misses you. The gnoll hits you!
You die...

####.######.....<.....###
#..........#########
#..........# #..........#
#.........g# ####
#.........g# ##..g.>
#........g.###...#
#.........g#.รท$#
#.######..@..### #.
#.##### # #.# ... .## ##


You could see a gnoll shaman and 3 gnolls.

Vanquished Creatures
  Sigmund (D:3)
  A hound (D:4)
  7 adders
  A worm (D:3)
  2 leopard geckos
  2 orcs (D:3)
  7 bats
  2 giant cockroaches
  2 hobgoblins
  9 jackals (D:2)
  10 kobolds
  A quokka (D:3)
  2 ball pythons (D:2)
  5 frilled lizards
  5 goblins
  2 rats (D:1)
59 creatures vanquished.

Notes
Turn   | Place    | Note
-------+----------+-------------------------------------------
     0 | D:1      | inc the Octopode Ice Elementalist began the quest for the Orb.
     0 | D:1      | Reached XP level 1. HP: 11/11 MP: 3/3
   473 | D:1      | Reached XP level 2. HP: 17/17 MP: 5/5
   524 | D:1      | Found a burning altar of Makhleb.
  1266 | D:2      | Reached skill level 4 in Ice Magic
  1266 | D:2      | Reached XP level 3. HP: 21/21 MP: 3/6
  1768 | D:2      | Found a glowing silver altar of Zin.
  1797 | D:2      | Reached XP level 4. HP: 23/27 MP: 7/7
  2019 | D:2      | Reached skill level 5 in Ice Magic
  2406 | D:3      | Noticed Sigmund
  2422 | D:3      | Killed Sigmund
  2422 | D:3      | Reached skill level 6 in Ice Magic
  2422 | D:3      | Reached XP level 5. HP: 16/31 MP: 3/8
  2422 | D:3      | Reached XP level 6. HP: 18/36 MP: 3/9
  2833 | D:3      | Found a faded altar of an unknown god.
  3219 | D:4      | Reached skill level 7 in Ice Magic
  3281 | D:4      | Slain by a gnoll

Vault maps used:
D:1:      dpeg_arrival_lava_altar
D:2:      overflow_temple_1_default, minmay_bisected
D:3:      serial_glass, glass_columns_c, glass_columns_a, due_unseen_surprise,
          item_on_display_a, chequers_ecumenical_altar_simple, uniq_sigmund
D:4:      nicolae_ossuary_entry_monument

Skill      XL: |  1  2  3  4  5  6 |
---------------+-------------------+-----
Ice Magic      | 4 6 7 |  7.0
Dodging        | |  2.0
Stealth        | |  2.6
Spellcasting   | |  2.0
Conjurations   | |  1.0

Action                   |  1- 3 |  4- 6 || total
-------------------------+-------+-------++-------
Melee: Unarmed           |    47 |       ||    47
       Constrict         |    22 |    14 ||    36
       Tentacles         |     8 |     6 ||    14
       Short sword       |     4 |    54 ||    58
 Cast: Freeze            |    15 |    22 ||    37
  Use: Potion            |       |     3 ||     3
 Stab: Sleeping          |    11 |     7 ||    18
  Eat: Chunk             |     3 |     5 ||     8
Armor: Skin              |     7 |     2 ||     9
Dodge: Dodged            |    37 |    65 ||   102

Table legend:
 A = Spawn XP
 B = Non-spawn XP
 C = Spawn XP percentage of total XP
 D = Spawn monster count
 E = Non-spawn monster count
 F = Spawn count percentage of total count
 G = Total turns spent on level
                    A         B        C        D         E        F      G
               +---------+---------+-------+---------+---------+-------+---------
         Total |       0 |     438 |   0.0 |       0 |      59 |   0.0 |  3281
               +---------+---------+-------+---------+---------+-------+---------
           D:1 |       0 |      22 |   0.0 |       0 |      13 |   0.0 |  1247
           D:2 |       0 |      80 |   0.0 |       0 |      26 |   0.0 |   812
           D:3 |       0 |     296 |   0.0 |       0 |      19 |   0.0 |  1104
           D:4 |       0 |      40 |   0.0 |       0 |       1 |   0.0 |   118
               +---------+---------+-------+---------+---------+-------+---------
